 Dungeon Crawl Stone Soup version 0.17-a0-1976-g482a304 (webtiles) character file.

49207 Maka the Fencer (level 14, -3/127 HPs)
             Began as a Hill Orc Fighter on Oct 5, 2015.
             Was the Champion of Okawaru.
             Slain by a small abomination (15 damage)
             ... on level 1 of the Abyss.
             The game lasted 00:42:57 (18910 turns).

Maka the Fencer (Hill Orc Fighter)                 Turns: 18910, Time: 00:42:57

Health: -3/127     AC: 15    Str: 20      XL:     14   Next: 49%
Magic:  11/13      EV: 10    Int: 10 (12) God:    Okawaru [******]
Gold:   1284       SH:  7    Dex: 14      Spells: 0 memorised, 13 levels left

rFire  . . .     SeeInvis +     a - +5 long sword of Yxkaame {venom, Int+6}
rCold  + . .     Rnd*Rage +     X - +1 scale mail of Acwepeal {MR+ SInv}
rNeg   + . .     SustAt   .     U - +0 buckler of Gacem {rN+ Str+4}
rPois  +         Gourm    .     r - +0 helmet
rElec  .         Spirit   .     y - +0 cloak
rCorr  .         Warding  .     V - +0 pair of gloves
rMut   .         Stasis   .     j - +1 pair of boots {Stlth+}
MR     ++...                    v - amulet of faith
Stlth  +.........               b - +6 ring of slaying
                                C - ring of Liggircha {rPois rC+ Dex+4 Slay+5}

@: about to teleport, very resistant to hostile enchantments, very unstealthy
A: berserk 1, blurry vision 2, clumsy 2, deformed body, dopey 1, low mp 2,
screaming 1, slow regeneration 2, weak 2, subdued magic 2, MP-powered wands
a: Heroism, Finesse, Renounce Religion


You were on level 1 of the Abyss.
You worshipped Okawaru.
Okawaru was exalted by your worship.
You were not hungry.

You visited 1 branch of the dungeon, and saw 14 of its levels.
You visited the Abyss 1 time.
You also visited: Labyrinth, Sewer and Ice Cave.

You collected 1284 gold pieces.

Inventory:

Hand Weapons
 a - the +5 long sword of Yxkaame (weapon) {venom, Int+6}
   (Okawaru gifted it to you on level 11 of the Dungeon)

   It poisons the flesh of those it strikes.
   It affects your intelligence (+6).
 w - a +0 blowgun
 J - a +0 scimitar of slicing
Missiles
 x - 3 poisoned javelins (quivered)
Armour
 j - a +1 pair of boots of stealth (worn)
 q - the +2 cloak of the Thief {+Fog Slay-2 SInv Stlth+}
   (Okawaru gifted it to you in an ice cave)

   It affects your accuracy and damage with ranged weapons and melee attacks
   (-2).
   It lets you see invisible.
   It can be evoked to emit clouds of fog.
   It makes you more stealthy.
 r - a +0 helmet (worn)
 y - a +0 cloak (worn)
 K - a +2 hat
 U - the +0 buckler of Gacem (worn) {rN+ Str+4}
   (Okawaru gifted it to you on level 13 of the Dungeon)

   It affects your strength (+4).
   It protects you from negative energy.
 V - a +0 pair of gloves (worn)
 X - the +1 scale mail of Acwepeal (worn) {MR+ SInv}
   (You found it in a labyrinth)

   It affects your resistance to hostile enchantments.
   It lets you see invisible.
Jewellery
 b - a +6 ring of slaying (right hand)
 n - an uncursed ring of see invisible
 t - a +4 ring of protection
 v - an amulet of faith (around neck)
 z - an uncursed ring of positive energy
 C - the ring of Liggircha (left hand) {rPois rC+ Dex+4 Slay+5}
   (You found it on level 11 of the Dungeon)

   [ring of poison resistance]

   It affects your dexterity (+4).
   It affects your accuracy and damage with ranged weapons and melee attacks
   (+5).
   It protects you from cold.
   It protects you from poison.
 H - a +5 ring of evasion
 I - an uncursed amulet of rage {unknown}
 L - the ring "Zolack" {+Fly MP+9 Str-4 Int+2 Slay+3}
   (You found it on level 8 of the Dungeon)

   [ring of flight]

   It affects your strength (-4).
   It affects your intelligence (+2).
   It affects your accuracy and damage with ranged weapons and melee attacks
   (+3).
   It affects your magic capacity (+9).
   It lets you fly.
 N - an uncursed ring of fire
 R - an uncursed amulet of the gourmand {unknown}
 W - an uncursed ring of protection from cold
Wands
 c - a wand of invisibility (5)
 h - a wand of draining (6)
 s - a wand of disintegration (9)
 A - a wand of paralysis (13)
 D - a wand of digging (12)
 O - a wand of polymorph (13)
 S - a wand of flame (18)
 Y - a wand of heal wounds (4)
 Z - a wand of teleportation (2)
Scrolls
 g - 12 scrolls of remove curse
 i - 4 scrolls of amnesia
 k - 3 scrolls of enchant weapon
 m - 2 scrolls of magic mapping
 u - a scroll of identify
 E - 2 scrolls of blinking
 P - 2 scrolls of fog
Potions
 d - 2 potions of might
 f - 5 potions of heal wounds
 l - 5 potions of curing
 o - 5 potions of flight
 p - 2 potions of agility
 B - a potion of brilliance
 G - a potion of berserk rage
 T - 2 potions of haste {unknown}
Comestibles
 e - 11 bread rations
 M - 4 meat rations


   Skills:
 - Level 12.3 Fighting
 + Level 15.3 Long Blades
 - Level 15.0 Armour
 - Level 12.0 Shields
 - Level 3.3 Invocations


You had 13 spell levels left.
You didn't know any spells.

Dungeon Overview and Level Annotations

Branches:
Dungeon (14/15)            Temple (0/1) D:6            Lair (0/8) D:10
    Orc (0/4) D:9          Vaults (0/5) D:14

Altars:
Ashenzari
Elyvilon
Fedhas
Gozag
Kikubaaqudgha
Nemelex Xobeh
Okawaru
Qazlal
Ru
Sif Muna
Trog
Yredelemnul
Zin
The Shining One
Beogh

Shops:
D:8 (   D:11 }

Annotations:
D:14 Louise


Innate Abilities, Weirdness & Mutations

[You tend to lose your temper in combat.]
[Scrolls take you longer to read.]
[You are very clumsy. (Dex -4)]
[Armour fits poorly on your strangely shaped body.]
[You are dopey. (Int -2)]
[Your magical capacity is very low (-20% MP).]
[You occasionally shout uncontrollably at your foes.]
[You do not regenerate naturally when monsters are visible.]
[You are very weak. (Str -4)]
[Your spells are easier to cast, but less powerful.]
[You expend magic power (3 MP) to strengthen your wands.]


Message History

A large abomination comes into view.
The purple very ugly thing looks sick.
Read which item? (? for menu, Esc to quit)
Okay, then.
Evoke which item? (* to show all) (? for menu, Esc to quit)
Zapping:
Z - a wand of teleportation (3)
Press: ? - help, Shift-Dir - straight line, f - you You feel strangely unstable.
You feel the power of the Abyss delaying your translocation!
This wand has 2 charges left.
Found 21 gold pieces.
There is a corrupted altar of Lugonu here.
The small abomination closely misses you.
The small abomination hits you.
* * * LOW HITPOINT WARNING * * *
The small abomination hits you but does no damage.
The small abomination hits you.
* * * LOW HITPOINT WARNING * * *
The small abomination hits you!
You die...

..# ##..## .##.# #.# #
.#.##...## ##.
#_####...#.#... #...
....$#......###....
...#.....#.##.#..#
#.#.......X##..# ##
#.# # ...#...##.u.##
.##...#
..#...#.###.#..##...#.
..#..#.#.#.#..x@#
#...#. ## #...#...§#
#....#.#.#..#....#..#
.. ..#
.....##...#....# #.##
###.........§##.§.#
.#...#.#..### .### ##
...... # ..#..#.


You could see a purple very ugly thing, a large abomination and a small
abomination.

Vanquished Creatures
  Rupert (D:13)
  A frost giant (IceCv)
  Snorg (D:13)
  A vault guard (D:14)
  A minotaur (Lab)
  The ghost of Yendor the Spear-Bearer, a journeyman HOGl of Beogh (D:10)
  2 centaur warriors (D:13)
  A queen ant (D:13)
  A tengu warrior (D:14)
  2 death yaks (IceCv)
  2 unseen horrors
  A wizard (D:10)
  An ice statue (IceCv)
  5 hill giants
  The ghost of Maka the Protected, a novice HOFi of Okawaru (D:5)
  8 ugly things
  3 cyclopes
  2 manticores
  11 gargoyles
  A komodo dragon (shapeshifter) (D:14)
  A tengu conjurer (D:14)
  A komodo dragon (D:13)
  A freezing wraith (D:11)
  A minotaur zombie (Lab)
  16 polar bears (IceCv)
  4 trolls
  3 two-headed ogres
  A yak (shapeshifter) (D:12)
  Sigmund (D:3)
  2 shadows
  32 yaks
  A hog (D:8)
  A wraith (D:12)
  3 deep elf magi
  2 basilisks (D:13)
  A human (D:8)
  A hungry ghost (D:6)
  13 wolves (IceCv)
  A deep elf fighter (D:14)
  A hippogriff (D:11)
  2 vampire mosquitoes (D:13)
  Menkaure (D:6)
  A small abomination (Abyss:1)
  Edmund (D:5)
  16 soldier ants
  3 ogres
  A wasp (D:14)
  6 ice beasts
  5 sky beasts
  8 orc warriors
  4 phantoms
  An eye of draining (D:12)
  A necrophage (D:10)
  15 centaurs
  A crocodile (D:12)
  An earth elemental (Abyss:1)
  A brain worm (Abyss:1)
  2 water moccasin zombies (D:11)
  13 giant frogs
  2 wyvern skeletons (D:11)
  15 killer bees
  5 scorpions
  3 centaur zombies
  7 crimson imps
  7 orc priests
  4 jellies
  2 giant frog zombies
  A giant frog skeleton (D:10)
  8 hounds
  An iguana (D:12)
  6 centaur skeletons
  A hell rat (D:6)
  16 orc wizards
  2 quasits
  A sheep (D:8)
  42 worker ants
  3 hound zombies
  2 hound skeletons
  A worker ant zombie (D:10)
  11 river rats
  22 adders
  3 gnolls (D:9)
  5 shadow imps
  13 white imps
  An ooze (D:3)
  An adder zombie (D:7)
  4 adder skeletons
  3 worms
  5 giant geckos
  56 orcs
  7 ball pythons
  5 bats
  3 giant cockroaches
  12 hobgoblins
  13 jackals
  8 quokkas
  2 giant gecko skeletons
  2 giant gecko zombies (D:6)
  9 giant newts
  8 goblins
  22 kobolds
  A quokka skeleton (D:4)
  47 rats
609 creatures vanquished.

Vanquished Creatures (others)
  3 wolves (IceCv)
3 creatures vanquished.

Grand Total: 612 creatures vanquished

Notes
Turn   | Place    | Note
--------------------------------------------------------------
     0 | D:1      | Maka the Hill Orc Fighter began the quest for the Orb.
     0 | D:1      | Reached XP level 1. HP: 19/19 MP: 1/1
   247 | D:1      | Reached XP level 2. HP: 26/26 MP: 2/2
   777 | D:2      | Reached XP level 3. HP: 25/31 MP: 3/3
   962 | D:2      | Found an ancient bone altar of Kikubaaqudgha.
  1025 | D:2      | Reached skill level 4 in Long Blades
  1445 | D:2      | Reached XP level 4. HP: 33/39 MP: 4/4
  1685 | D:2      | Reached skill level 5 in Long Blades
  2089 | D:3      | Found a glowing drain.
  2096 | Sewer    | Entered a sewer
  2123 | Sewer    | Reached XP level 5. HP: 45/45 MP: 5/5
  2667 | Sewer    | Reached skill level 5 in Armour
  3025 | Sewer    | Reached XP level 6. HP: 32/51 MP: 6/6
  3488 | D:3      | Found a deep blue altar of Sif Muna.
  3567 | D:3      | Found a sacrificial altar of Ru.
  3615 | D:3      | Noticed Sigmund
  3642 | D:3      | Killed Sigmund
  3642 | D:3      | Reached skill level 6 in Long Blades
  3642 | D:3      | Reached XP level 7. HP: 35/59 MP: 7/7
  4086 | D:4      | Found an iron altar of Okawaru.
  4098 | D:4      | Became a worshipper of Warmaster Okawaru
  4376 | D:4      | Reached skill level 7 in Long Blades
  4539 | D:4      | Reached skill level 8 in Long Blades
  4663 | D:4      | Found a stormy altar of Qazlal.
  4881 | D:5      | Entered Level 5 of the Dungeon
  4911 | D:5      | Acquired Okawaru's first power
  4911 | D:5      | Reached XP level 8. HP: 38/66 MP: 8/8
  4922 | D:5      | Noticed Maka's ghost (novice HOFi)
  4947 | D:5      | Killed Maka's ghost
  4947 | D:5      | Reached skill level 10 in Long Blades
  4963 | D:5      | Found an opulent altar of Gozag.
  4995 | D:5      | Found a sparkling altar of Nemelex Xobeh.
  5534 | D:5      | Noticed Edmund
  5558 | D:5      | Reached skill level 11 in Long Blades
  5584 | D:5      | Killed Edmund
  5584 | D:5      | Reached XP level 9. HP: 64/71 MP: 9/9
  5638 | D:5      | Found a glowing golden altar of the Shining One.
  5639 | D:5      | Found a glowing silver altar of Zin.
  5640 | D:5      | Found a white marble altar of Elyvilon.
  5770 | D:6      | Noticed Menkaure
  5786 | D:6      | Killed Menkaure
  6057 | D:6      | Found a shattered altar of Ashenzari.
  6137 | D:6      | Found a staircase to the Ecumenical Temple.
  6206 | D:6      | Reached skill level 12 in Long Blades
  6686 | D:7      | Got an ancient ring mail
  6700 | D:7      | Identified the cursed +0 ring mail "Lelatt" {*Confuse Str+2 Dex+5} (You found it on level 7 of the Dungeon)
  6716 | D:7      | Found a basalt altar of Yredelemnul.
  6926 | D:7      | Found a blossoming altar of Fedhas.
  7277 | D:5      | Reached skill level 13 in Long Blades
  7755 | D:8      | Found Esudesm's Weapon Emporium.
  7901 | D:8      | Got a translucent marble ring
  7902 | D:8      | Identified the ring "Zolack" {+Fly MP+9 Str-4 Int+2 Slay+3} (You found it on level 8 of the Dungeon)
  7907 | D:8      | Found a bloodstained altar of Trog.
  8017 | D:8      | Reached XP level 10. HP: 49/78 MP: 10/10
  8101 | D:8      | Reached skill level 14 in Long Blades
  8120 | D:8      | Acquired Okawaru's second power
  9157 | D:9      | Found a roughly hewn altar of Beogh.
  9480 | D:9      | Found a staircase to the Orcish Mines.
  9806 | D:10     | Entered Level 10 of the Dungeon
  9861 | D:10     | Noticed a hill giant
  9873 | D:10     | Killed a hill giant
  9873 | D:10     | Received a gift from Okawaru
 10181 | D:10     | Reached XP level 11. HP: 78/84 MP: 11/11
 10346 | D:10     | Noticed a wizard
 10346 | D:10     | Paralysed by a wizard for 4 turns
 10359 | D:10     | Paralysed by a wizard for 6 turns
 10369 | D:10     | Killed a wizard
 10369 | D:10     | Reached skill level 10 in Armour
 10451 | D:10     | Found a staircase to the Lair.
 10613 | D:10     | Noticed Yendor's ghost (journeyman HOGl)
 10641 | D:10     | Killed Yendor's ghost
 11100 | D:10     | Reached skill level 5 in Shields
 11179 | D:11     | Received a gift from Okawaru
 11193 | D:11     | Found Baak's Gadget Boutique.
 11860 | D:11     | Got a shimmering gossamer ring
 11861 | D:11     | Identified the ring of Liggircha {rPois rC+ Dex+4 Slay+5} (You found it on level 11 of the Dungeon)
 11958 | D:11     | Noticed a hill giant
 11959 | D:11     | Noticed a hill giant
 11994 | D:11     | Reached skill level 5 in Fighting
 11994 | D:11     | Reached skill level 1 in Invocations
 12008 | D:11     | Killed a hill giant
 12041 | D:11     | Killed a hill giant
 12062 | D:11     | Received a gift from Okawaru
 12072 | D:11     | Got a faintly glowing long sword {god gift}
 12139 | D:11     | Identified the +5 long sword of Yxkaame {venom, Int+6} (Okawaru gifted it to you on level 11 of the Dungeon)
 12322 | D:11     | Reached XP level 12. HP: 40/101 MP: 14/14
 13118 | D:11     | Killed an unseen horror
 13118 | D:11     | Received a gift from Okawaru
 13287 | D:12     | Found a labyrinth entrance.
 13298 | Lab      | Entered a labyrinth
 13936 | Lab      | Noticed a minotaur
 13947 | Lab      | Killed a minotaur
 13950 | Lab      | Identified the Disquisition on Feathers and Confrontation
 13950 | Lab      | Identified Sif Muna's Incunabulum of Hurtful Flight
 13951 | Lab      | Got a jewelled scale mail
 13962 | Lab      | Identified the +1 scale mail of Acwepeal {MR+ SInv} (You found it in a labyrinth)
 14489 | D:12     | Reached skill level 10 in Shields
 15407 | D:13     | Reached XP level 13. HP: 93/107 MP: 15/15
 15425 | D:13     | Noticed a centaur warrior
 15434 | D:13     | Killed a centaur warrior
 15434 | D:13     | Received a gift from Okawaru
 15458 | D:13     | Noticed a queen ant
 15477 | D:13     | Killed a queen ant
 15486 | D:13     | Noticed Snorg
 15509 | D:13     | Noticed a centaur warrior
 15512 | D:13     | Killed a centaur warrior
 15548 | D:13     | Killed Snorg
 15548 | D:13     | Received a gift from Okawaru
 15549 | D:13     | Got a translucent buckler {god gift}
 15607 | D:13     | Reached skill level 10 in Fighting
 15639 | D:13     | Identified the +0 buckler of Gacem {rN+ Str+4} (Okawaru gifted it to you on level 13 of the Dungeon)
 15869 | D:13     | Found a frozen archway.
 15917 | IceCv    | Entered an ice cave
 16665 | IceCv    | Received a gift from Okawaru
 16710 | IceCv    | Reached XP level 14. HP: 68/127 MP: 16/16
 16958 | IceCv    | Noticed a frost giant
 16980 | IceCv    | Killed a frost giant
 17206 | D:13     | Noticed Rupert
 17220 | D:13     | Killed Rupert
 17314 | D:13     | Reached skill level 15 in Armour
 17709 | D:14     | Found a gate to the Vaults.
 17841 | D:14     | Reached skill level 15 in Long Blades
 17858 | D:14     | Received a gift from Okawaru
 17863 | D:14     | HP: 3/127 [tengu conjurer/bolt of lightning (18)]
 18225 | D:14     | Noticed Louise
 18233 | D:14     | Cast into the Abyss (Louise)
 18261 | Abyss:1  | Found a corrupted altar of Lugonu.
 18261 | Abyss:1  | Found a deep blue altar of Sif Muna.
 18447 | Abyss:1  | Found a corrupted altar of Lugonu.
 18794 | Abyss:1  | HP: 4/127 [thrashing horror (7)]
 18872 | Abyss:1  | Noticed a bone dragon
 18891 | Abyss:1  | Found a corrupted altar of Lugonu.
 18891 | Abyss:1  | Noticed a purple very ugly thing
 18910 | Abyss:1  | Slain by a small abomination

Vault maps used:
D:1:      lemuel_arrival_funnel, minmay_tree_intersection
D:2:      kiku_gazebo_pond_becter, minmay_liquid_box
D:3:      led_sif_pool, nicolae_ru_great_annihilating_truth,
          gup_sewer_entry_bubbles, columned_hall_lemuel, uniq_sigmund
D:4:      grunt_qazlal_clouds, okawaru_trees_2, first_bread
D:5:      good_gods_temple_1, nemelex_xobeh_ov_fountains_minmay,
          nicolae_gozag_seed_capital, serial_curves, eino_curves_01,
          eino_curves_03, uniq_edmund
D:6:      lemuel_ratsnest, minmay_temple_entry_junction,
          cheibrodos_ashenzari_chains, uniq_menkaure
D:7:      kennysheep_little_box, lemuel_round_altar
D:8:      lightli_temple_of_fire, serial_shops, nicolae_shop_waterfront,
          grunt_livestock
D:9:      david_orc_5
D:10:     lair_0_dummy, lightli_wizard_tower
D:11:     minmay_opposing_rooms, serial_shops, shop, nooodl_food_tri
D:12:     lab_entry_generic, spider_trap
D:13:     portal_ice_cave_entry_imps, zaba_anthell, uniq_rupert, uniq_snorg
D:14:     david_vaults_5, roderic_chinese_pattern_swastika, serial_glass,
          glass_columns_c, glass_columns_a, kb_tengu_band, uniq_louise
Lab:      labyrinth_hidden_loot, lab_fountain, nicolae_lab_x,
          nicolae_lab_quarters, nicolae_lab_swirl, nicolae_lab_arrow
Sewer:    sewer_minmay_treatment
IceCv:    ice_cave_caverns_02

Action                   |  1- 3 |  4- 6 |  7- 9 | 10-12 | 13-15 || total
-------------------------+-------+-------+-------+-------+-------++-------
Melee: Long sword        |   114 |   407 |   616 |   311 |   538 ||  1986
       Scimitar          |       |       |       |   412 |       ||   412
Invok: Heroism           |       |       |       |     7 |     6 ||    13
Evoke: Wand              |       |       |       |     2 |    12 ||    14
  Use: Scroll            |       |       |    12 |    17 |     7 ||    36
       Potion            |       |       |     2 |     5 |     6 ||    13
 Stab: Invisible         |       |     2 |       |       |       ||     2
       Sleeping          |       |       |       |       |     1 ||     1
  Eat: Chunk             |     2 |     8 |     8 |     4 |     2 ||    24
       Meat ration       |       |       |     1 |       |     1 ||     2
       Fruit             |       |       |     3 |       |     2 ||     5
       Pizza             |       |       |     1 |    10 |     1 ||    12
       Royal jelly       |       |       |     1 |       |     1 ||     2
       Bread ration      |       |       |     1 |       |       ||     1
       Beef jerky        |       |       |       |     2 |       ||     2
